 Dungeon Crawl Stone Soup version 0.25-a0-855-g681bda5bb4 (webtiles) character file.

Game seed: 9979426279671708069, levelgen mode: deterministic

672 Maedhros the Ducker (level 7, -12/73 HPs)
             Began as an Octopode Chaos Knight on Apr 26, 2020.
             Was a Plaything of Xom.
             Mangled by an orc warrior
             ... wielding a +0 scimitar
              (14 damage)
             ... on level 6 of the Dungeon.
             The game lasted 00:03:24 (2249 turns).

Maedhros the Ducker (Octopode Chaos Knight)         Turns: 2249, Time: 00:03:24

Health: -12/73     AC: 23    Str: 12    XL:     7   Next: 58%
Magic:  7/7        EV:  2    Int: 14    God:    Xom [..*...]
Gold:   149        SH:  0    Dex: 13    Spells: 6/6 levels left

rFire    + . .     SeeInvis .   a - +0 spear (chaos)
rCold    + . .     Gourm    .   (no shield)
rNeg     + + +     Faith    .   (helmet currently unavailable)
rPois    +         Spirit   .   j - amulet of rage
rElec    +         Reflect  .   (no ring)
rCorr    +         Harm     .   (no ring)
MR       .....     NoTele   +   (no ring)
Stlth    +.........             (no ring)
HPRegen  0.22/turn              (no ring)
MPRegen  0.10/turn              (no ring)
                                (no ring)
                                (no ring)

@: tree-form, resistant, stab, very slightly contaminated, hasted, invisible,
very quick
A: almost no armour, stealthy swim, (amphibious), 8 rings, (constrict 8)
a: Renounce Religion, Evoke Berserk Rage


You were on level 6 of the Dungeon.
You worshipped Xom.
You were a toy of Xom.
You were near starving.
You were a tree.
You visited 1 branch of the dungeon, and saw 6 of its levels.

You collected 149 gold pieces.

Inventory:

Hand Weapons
 a - a +0 spear of chaos (weapon)
Armour
 i - a +0 buckler
 k - a +0 scale mail
 t - a +0 tower shield
Jewellery
 j - an amulet of rage (around neck)
Wands
 s - a wand of digging (7)
Scrolls
 c - a scroll of remove curse {unknown}
 d - a scroll of immolation {unknown}
 e - 2 scrolls of teleportation {unknown}
 f - 2 scrolls of identify {unknown}
 h - a scroll of amnesia {unknown}
Potions
 m - a potion of cancellation
 n - a potion of degeneration {unknown}
Comestibles
 b - 2 rations


   Skills:
 + Level 4.9 Fighting
 + Level 5.0 Polearms
 * Level 6.1 Dodging


You had 6 spell levels left.
You didn't know any spells.
Your spell library was empty.

Dungeon Overview and Level Annotations

Branches:
Dungeon (6/15)
 Temple: D:4-7

Altars:
Hepliaklqana


Innate Abilities, Weirdness & Mutations

You cannot wear most types of armour.
You are very stealthy in the water. (Stealth+)
((You are amphibious.))
You can wear up to eight rings at the same time.
((You can use your tentacles to constrict eight enemies at once.))
((Your skin changes colour to match your surroundings (Stealth+).))
((Your rubbery body absorbs attacks. (AC +1, EV +1)))


Message History

It was a potion of haste.
You feel yourself speed up.
Xom thinks this is hilarious!
You constrict the orc warrior, but do no damage.
The orc warrior barely misses you.
You release your grip on the orc warrior.
It was a potion of lignification.
You turn into a tree.
Your roots penetrate the ground.
It was a potion of resistance.
You feel protected.
It was a potion of flight.
Your roots keep you in place.
Xom roars with laughter!
The orc warrior hits you but does no damage.
It was a potion of invisibility.
You fade into invisibility!
You are very lightly contaminated with residual magic.
It was a potion of stabbing.
You feel ready to backstab.
The orc warrior hits you with a +0 scimitar!
You die...
Xom snickers!

..# #.# #.# #.#
#########.###)#
#........†....#
...#######.##..######
#.##$.....<..
###########.##.######..
#...........##.#
###.############♣#
..........# #o#
....#####.# #o#
##..#####.## ..§
#.......... ...$.
#........## #.....#
#.#.####... $.....#
##.#.# #.#.#.... .....#
#.....#.##


You could see an orc warrior and an orc priest.

Vanquished Creatures
  Eustachio (D:4)
  An ice beast (D:5)
  A necrophage (D:5)
  An ogre (D:5)
  A scorpion (D:6)
  A bullfrog zombie (D:5)
  A hound (D:4)
  A bullfrog skeleton (D:6)
  3 worker ants (D:5)
  A hound skeleton (D:6)
  A howler monkey skeleton (D:5)
  An adder (D:5)
  A worm (D:3)
  A dart slug (D:1)
  8 orcs
  3 giant cockroaches
  2 goblins (D:1)
  A hobgoblin (D:1)
  3 bats
  2 frilled lizards (D:4)
  2 kobolds (D:1)
  A quokka zombie (D:6)
38 creatures vanquished.

Notes
Turn   | Place    | Note
-------+----------+-------------------------------------------
     0 | D:1      | Maedhros the Octopode Chaos Knight began the quest for the
                  | Orb.
     0 | D:1      | Reached XP level 1. HP: 16/16 MP: 1/1
    53 | D:1      | Reached XP level 2. HP: 7/21 MP: 2/2
   320 | D:4      | Noticed Eustachio
   320 | D:4      | XOM: potion effect (stabbing)
   330 | D:4      | XOM: silly message
   334 | D:4      | Killed Eustachio
   334 | D:4      | Reached skill level 4 in Dodging
   334 | D:4      | Reached XP level 3. HP: 10/27 MP: 3/3
   334 | D:4      | Reached XP level 4. HP: 12/33 MP: 4/4
   334 | D:4      | Reached XP level 5. HP: 13/37 MP: 5/5
   535 | D:4      | XOM: noise
   658 | D:4      | XOM: god gift: scale mail {god gift}
  1061 | D:4      | XOM: 1-stop teleportation journey
  1250 | D:4      | XOM: cloud trail
  1256 | D:5      | Entered Level 5 of the Dungeon
  1267 | D:5      | Reached XP level 6. HP: 37/43 MP: 6/6
  1358 | D:5      | XOM: stat loss: -1 Dex (12/13)
  1629 | D:5      | XOM: noise
  1797 | D:5      | XOM: divination: detect creatures
  1844 | D:5      | XOM: noise
  1852 | D:5      | Reached skill level 5 in Dodging
  1885 | D:5      | Noticed an ice beast
  1889 | D:5      | Found a hazy altar of Hepliaklqana.
  1894 | D:5      | XOM: divination: detect items
  1923 | D:5      | XOM: noise
  1924 | D:5      | XOM: potion effect (brilliance)
  1925 | D:5      | Noticed a necrophage
  1929 | D:5      | XOM: potion effect (brilliance)
  1955 | D:5      | XOM: cast spell 'Summon Butterflies'
  1965 | D:5      | XOM: noise
  1978 | D:5      | XOM: enchant monster (bad)
  1994 | D:5      | Killed an ice beast
  1998 | D:5      | Killed a necrophage
  1998 | D:5      | Reached XP level 7. HP: 42/49 MP: 7/7
  2000 | D:5      | XOM: 1-stop teleportation journey
  2114 | D:6      | Reached skill level 6 in Dodging
  2157 | D:6      | Reached skill level 5 in Polearms
  2225 | D:6      | XOM: cloud trail
  2241 | D:6      | XOM: smoke on damage
  2242 | D:6      | HP: 1/49 [orc warrior/+0 scimitar (13)]
  2249 | D:6      | Mangled by an orc warrior

Levels and vault maps discovered:
D:1:      mrwooster_arrival_statue_2, layout_basic
D:2:      layout_loops_corners, nicolae_ru_great_annihilating_truth
D:3:      layout_loops_ring, nicolae_overflow_crystal_walls, first_ration,
          gammafunk_ghost_grave
D:4:      layout_layer_cave, gammafunk_temple_overflow_statue, minivault_11,
          uniq_edmund, uniq_eustachio, uniq_duvessa
D:5:      layout_cave_pools, lemuel_doored_altar, temple_green
D:6:      layout_loops_ring, serial_shops, nicolae_shop_trees, nrook_uturn

Skill      XL: |  1  2  3  4  5  6  7 |
---------------+----------------------+-----
Dodging        | 4 5 6 |  6.1
Fighting       | 4 |  4.9
Polearms       | 4 5 |  5.0

Action                   |  1- 3 |  4- 6 |  7- 9 || total
-------------------------+-------+-------+-------++-------
Melee: Spear             |    41 |    52 |    35 ||   128
       Constrict         |     9 |    10 |     7 ||    26
       Tentacles         |     3 |    12 |     8 ||    23
 Abil: Evoke Berserk Rag |       |     1 |       ||     1
  Use: Potion            |       |       |     7 ||     7
 Stab: Sleeping          |     3 |     1 |       ||     4
       Paralysed         |       |     1 |       ||     1
  Eat: Chunk             |       |     2 |     1 ||     3
Armor: Skin              |     1 |     1 |     4 ||     6
Dodge: Dodged            |    25 |    20 |    24 ||    69

Table legend:
 A = Non-vault XP
 B = Vault XP
 C = Vault XP percentage of total XP
 D = Non-vault monster count
 E = Vault monster count
 F = Vault count percentage of total count
                 A         B        C        D         E       F
            +---------+---------+-------+---------+---------+-------
      Total |     775 |     185 |  19.3 |      37 |       1 |   2.6
            +---------+---------+-------+---------+---------+-------
        D:1 |      14 |       0 |   0.0 |       7 |       0 |   0.0
        D:2 |       3 |       0 |   0.0 |       2 |       0 |   0.0
        D:3 |       5 |       0 |   0.0 |       1 |       0 |   0.0
        D:4 |      46 |     185 |  80.1 |       4 |       1 |  20.0
        D:5 |     570 |       0 |   0.0 |      15 |       0 |   0.0
        D:6 |     137 |       0 |   0.0 |       8 |       0 |   0.0
            +---------+---------+-------+---------+---------+-------
